AoeStats
← Sombra Nocturna Enroscada

Arabia

509178596Analyzed
1v1 RM · 6d ago on Sep 25, 2026· 76m 48s· 2 players
Game mode
Random Map
Map size
Tiny (2 player)
Population
200
Speed
Normal
Resources
Standard
Victory
Conquest
Starting age
Dark Age
Ending age
Imperial Age
RankedLock teamsTeams togetherTeam positionsShared explorationLock speedFull tech treeHidden civsTurbo modeCheats
Victory
Defeat
🇦🇷 Franks · Argentina
858
+17
🇨🇴 Romans · Colombia
890
-17
Sombra Nocturna Enroscada
9:37 Feudal Age
10:32 Double-Bit Axe
16:42 Wheelbarrow
15:53 Loom
19:50 Castle Age
18:31 Gold Mining
19:53 Stone Mining
21:04 Bow Saw
27:58 Imperial Age
28:59 Gold Shaft Mining
28:32 Scale Barding Armor
29:48 Chemistry
29:25 Hand Cart
31:07 Chain Barding Armor
32:35 Plate Barding Armor
33:22 Husbandry
33:56 Cavalier
35:06 Forging
35:56 Town Watch
36:02 Loom
37:00 Iron Casting
37:59 Fletching
39:14 Paladin
40:18 Chivalry
41:37 Blast Furnace
41:56 Elite Throwing Axeman
42:36 Bodkin Arrow
42:42 Scale Mail Armor
43:06 Ballistics
42:27 Treadmill Crane
43:26 Light Cavalry
45:23 Masonry
46:05 Pikeman
46:31 Gambesons
47:12 Chain Mail Armor
52:58 Halberdier
54:12 Plate Mail Armor
53:53 Heavy Scorpion
62:10 Town Patrol
71:40 Hoardings
71:42 Architecture
71:09 Murder Holes
71:00 Arrowslits
71:21 Siege Engineers
crirob2016
5:53 Loom
13:47 Feudal Age
14:20 Double-Bit Axe
14:05 Man-at-Arms
16:40 Bloodlines
19:19 Scale Barding Armor
23:18 Castle Age
21:55 Town Watch
22:18 Horse Collar
23:29 Forging
23:20 Scale Mail Armor
23:37 Gold Mining
25:00 Bow Saw
25:46 Wheelbarrow
25:32 Chain Mail Armor
27:48 Long Swordsman
31:17 Careening
32:22 Hand Cart
33:11 Town Patrol
33:32 Squires
37:53 Imperial Age
35:04 Pikeman
38:10 Heavy Scorpion
38:52 Husbandry
39:05 Elite Skirmisher
40:36 Ballistas
40:35 Capped Ram
40:44 Cavalier
42:26 Ballistics
43:07 Heavy Plow
43:17 Halberdier
44:58 Legionary
45:05 Siege Ram
46:37 Sappers
47:27 Conscription
48:27 Chemistry
47:19 Guard Tower
53:05 Elite Centurion
55:26 Onager
60:32 Gold Shaft Mining
59:47 Stone Mining
64:07 Keep
64:04 Chain Barding Armor
64:20 Iron Casting
63:47 Padded Archer Armor
63:37 Fletching
71:24 Plate Barding Armor
71:05 Leather Archer Armor
70:45 Bodkin Arrow
71:50 Blast Furnace
Connection lost

Rejoining the realm…

Still unreachable

The connection could not be restored.

Session expired

The server has moved on; the page needs a fresh start.